 Dungeon Crawl Stone Soup version 0.30.0 (webtiles) character file.

Game seed: 6294384869110386348

108953 backslashecho the Destroyer (level 16, -7/96 HPs)
             Began as a Tengu Reaver on May 5, 2023.
             Was a High Priest of Vehumet.
             Shot with an arrow by a satyr (15 damage)
             ... on level 1 of the Shoals on May 6, 2023.
             The game lasted 03:26:24 (37737 turns).

backslashecho the Destroyer (Tengu Reaver)         Turns: 37737, Time: 03:26:24

Health: -7/96      AC:  8    Str: 15    XL:     16   Next: 51%
Magic:  3/31       EV: 15    Int: 19    God:    Vehumet [*****.]
Gold:   1336       SH: 15    Dex:  8    Spells: 3/36 levels left

rFire   . . .        a - +1 demon whip (elec)
rCold   . . .        J - +0 kite shield
rNeg    + . .        z - +2 leather armour of the Louse {rElec rN+ Will+ Dex-5}
rPois   +            n - +1 hat
rElec   +            t - +0 cloak
rCorr   .            K - +0 pair of gloves
SInv    .            (boots unavailable)
Will    ++...        l - amulet of reflection
Stlth   ++           L - ring of wizardry
HPRegen 0.36/turn    q - ring of poison resistance
MPRegen 0.22/turn

%: reflection, wizardry (x1)
@: afraid, flying quickly and evasively, quick
A: beak, talons 3, nimble flight
a: Renounce Religion


You were on level 1 of the Shoals.
You worshipped Vehumet.
Vehumet was extremely pleased with you.
You visited 6 branches of the dungeon, and saw 25 of its levels.
You also visited: Sewer, Ice Cave and Volcano.

You collected 2655 gold pieces.
You spent 1319 gold pieces at shops.

Inventory:

Hand Weapons
 a - a +1 demon whip of electrocution (weapon)
 e - a +2 dagger of venom
Missiles
 f - 4 curare-tipped darts
 B - 44 poisoned darts
Armour
 i - a +2 robe of the Archmagi
 n - a +1 hat (worn)
 t - a +0 cloak (worn)
 z - the +2 leather armour of the Louse (worn) {rElec rN+ Will+ Dex-5}
   (You bought it in a shop on level 2 of the Orcish Mines)

   Dex:       It affects your dexterity (-5).
   rElec:     It insulates you from electricity.
   rN:        It protects you from negative energy.
   Will:      It increases your willpower.
 J - a +0 kite shield (worn)
 K - a +0 pair of gloves (worn)
 N - +0 acid dragon scales
Magical Staves
 b - a staff of conjuration
Jewellery
 k - the ring of Beogh's Benevolence {Fire Int+2 Dex+6}
   (You found it on level 15 of the Dungeon)

   [ring of fire]

   It enhances your fire magic.
   Int:       It affects your intelligence (+2).
   Dex:       It affects your dexterity (+6).
   rF:        It protects you from fire.
   rC:        It makes you vulnerable to cold.
 l - an amulet of reflection (around neck)
 q - a ring of poison resistance (right hand)
 H - the ring of Fun {Int+6 Dex+7}
   (You found it in an ice cave)

   [ring of intelligence]

   Int:       It affects your intelligence (+6).
   Dex:       It affects your dexterity (+7).
 L - a ring of wizardry (left hand)
 X - the ring "Puluduir" {rF+ rC+ MP-9 Str+2 Dex+2}
   (You found it in an ice cave)

   [ring of protection from cold]

   Str:       It affects your strength (+2).
   Dex:       It affects your dexterity (+2).
   rF:        It protects you from fire.
   rC:        It protects you from cold.
   MP:        It affects your magic capacity (-9).
 Y - a ring of positive energy
Wands
 x - a wand of flame (78) (quivered)
 I - a wand of iceblast (2)
 M - a wand of digging (2)
 O - a wand of quicksilver (11)
 U - a wand of paralysis (12)
 V - a wand of mindburst (7)
Scrolls
 g - a scroll of blinking
 j - 4 scrolls of poison
 p - 3 scrolls of immolation
 r - 2 scrolls of fog
 w - 2 scrolls of fear
 y - 4 scrolls of identify
 C - a scroll of enchant armour
 E - 4 scrolls of butterflies
 T - a scroll of magic mapping
Potions
 m - 3 potions of ambrosia
 o - 3 potions of cancellation
 s - 5 potions of mutation
 A - 3 potions of might
 D - 2 potions of brilliance
 F - 2 potions of magic
 G - 4 potions of curing
 Z - a potion of haste
Miscellaneous
 h - a tin of tremorstones (1/2)


   Skills:
 - Level 9.0 Fighting
 - Level 4.0 Short Blades
 - Level 4.0(4.6) Maces & Flails
 + Level 3.6(4.5) Staves
 - Level 4.0 Armour
 - Level 9.0 Dodging
 - Level 4.0 Stealth
 + Level 11.5 Shields
 - Level 1.0 Unarmed Combat
 + Level 10.5 Spellcasting
 + Level 12.3 Conjurations
 - Level 6.1 Necromancy
 - Level 4.0 Translocations
 - Level 5.0 Ice Magic
 - Level 10.0 Air Magic
 - Level 6.0 Earth Magic
 - Level 2.0 Poison Magic
 - Level 12.0 Evocations


You had 3 spell levels left.
You knew the following spells:

 Your Spells              Type           Power      Damage    Failure   Level
a - Magic Dart            Conj           100%       1d8       1%          1
b - Arcjolt               Conj/Air       25%        1d35      1%          5
c - Static Discharge      Conj/Air       100%       2-7/arc   1%          2
d - Airstrike             Air            24%        2d(4-20)  1%          4
e - Mephitic Cloud        Conj/Pois/Air  40%        N/A       1%          3
f - Hailstorm             Conj/Ice       42%        3d10      1%          3
g - Dispel Undead         Necr           33%        3d14      6%          4
i - Freezing Cloud        Conj/Ice/Air   22%        6-21      1%          5
j - Iron Shot             Conj/Erth      22%        9d5       8%          6

Your spell library contained the following spells:

 Spells                   Type           Power      Damage    Failure   Level
 Conjure Ball Lightning   Conj/Air       25%        3x3d7     3%          6
 Kiss of Death            Conj/Necr      100%       2d13      1%          1
 Necrotise                Necr           100%       1d9       1%          1
 Momentum Strike          Conj/Tloc      82%        3d10      1%          2
 Dazzling Flash           Conj/Hex       66%        N/A       1%          3
 Frozen Ramparts          Ice            58%        1d9       1%          3
 Vampiric Draining        Necr           33%        2d8       1%          3
 Volatile Blastmotes      Fire/Tloc      34%        2d12      3%          3
 Confusing Touch          Hex            10%        N/A       21%         3
 Fulminant Prism          Conj/Hex       16%        3d11      1%          4
 Iskenderun's Mystic Bla  Conj/Tloc      41%        2d9       1%          4
 Lee's Rapid Deconstruct  Erth           16%        3d10*     4%          5
 Passage of Golubria      Tloc           25%        N/A       14%         4
 Agony                    Necr           33%        N/A       16%         5
 Ice Form                 Ice/Tmut       19%        N/A       26%         4
 Summon Ice Beast         Ice/Summ       19%        N/A       26%         4
 Silence                  Hex/Air        14%        N/A       26%         5
 Lehudib's Crystal Spear  Conj/Erth      22%        10d6      89%         8


Dungeon Overview and Level Annotations

Branches:
Dungeon (15/15)            Temple (1/1) D:6            Lair (5/5) D:10
 Shoals (1/4) Lair:3       Spider (1/4) Lair:3        Slime (0/5) Lair:4
    Orc (2/2) D:12            Elf (0/3) Orc:2        Vaults (0/5) D:14
 Depths (0/4) D:15          Sewer (visited)           IceCv (visited)
Volcano (visited)

Altars:
Ashenzari
Cheibriados
Dithmenos
Elyvilon
Fedhas
Gozag
Hepliaklqana
Kikubaaqudgha
Makhleb
Nemelex Xobeh
Okawaru
Qazlal
Ru
Sif Muna
Trog
Uskayaw
Vehumet
Wu Jian
Xom
Yredelemnul
Zin
The Shining One
Jiyva
Lugonu

Shops:
D:3 (   Orc:1 *   Orc:2 (([(*

Portals:
Abyss: D:7

Annotations:
D:7 2 runed translucent doors
D:8 digging
D:9 exclusion: 4 doors
D:12 exclusion: downstairs
D:13 exclusion: door
D:15 Roxanne


Innate Abilities, Weirdness & Mutations

You have a beak for a mouth.
You have claws for feet.
Your magical nature lets you fly swiftly and evasively.


Message History

The satyr unwields a +0 spear.
The satyr wields a +2 longbow of freezing.
It is covered in frost.
The satyr shoots an arrow.
You block the arrow with an invisible shield... and reflect it back!
The arrow hits the satyr!!
The arrow freezes the satyr.
You block the snapping turtle's attack.
You whack the snapping turtle!
You kill the snapping turtle!
Vehumet accepts your kill.
You feel your power returning.
The satyr plays a lulling melody on his pipes!
You easily resist.
You regained 4 mp, and now have 10/31 mp.
Casting: Iron Shot (dangerous; 8% risk of failure)
Confirm with . or Enter, or press ? or * to list all spells.
Aiming: Iron Shot (dangerous; 8% risk of failure)
Press: ? - help, Shift-Dir - straight line, f - satyr
Aim: a satyr, wielding a +2 longbow of freezing (severely wounded, inspiring fear, 60% to hit)
Okay, then.
Casting: Iron Shot (dangerous; 8% risk of failure)
Confirm with . or Enter, or press ? or * to list all spells.
Aiming: Airstrike (safe; 1% risk of failure)
Press: ? - help, Dir - move target, f - wind drake
Aim: a wind drake (repelling missiles, empty space bonus: 8/8)
The air twists around and strikes the wind drake!!
The wind drake is moderately wounded.
The wind drake flaps its wings at you. The air twists around and strikes you!!
The satyr shoots an arrow.
The arrow hits you! The arrow freezes you.
You take 40 damage, and have 31/96 hp.
MASSIVE DAMAGE!!
You now have 6/31 mp.
Casting: Airstrike (safe; 1% risk of failure)
Confirm with . or Enter, or press ? or * to list all spells.
Aiming: Airstrike (safe; 1% risk of failure)
Press: ? - help, Dir - move target, f/p - wind drake
Aim: a wind drake (moderately wounded, repelling missiles, empty space bonus: 8/8)
The air twists around and strikes the wind drake!!
The wind drake is almost dead.
The satyr shoots an arrow.
The arrow hits you!
* * * LOW HITPOINT WARNING * * *
The arrow freezes you.
* * * LOW HITPOINT WARNING * * *
You take 18 damage, and have 13/96 hp.
You now have 3/31 mp.
You feel better.
The satyr plays a lulling melody on his pipes!
You fall asleep.
The wind drake flaps its wings at you. The air twists around and strikes you!
You wake up.
* * * LOW HITPOINT WARNING * * *
The satyr shoots an arrow.
The arrow hits you!
You die...

~.PP<.)~~~~~~....##.###.
~P.......~~~~~(~.......~
........~P~~~~~~~.....~~
...#....~~~~~~~...~~.~..
..##.PP..~~~~~~...§c....~~
..#.PP.P.~~~~~~......~~...
...P..†.P~PP~P~.##...~~...
........~~P~~~.###...~~...
.....P..PP≈≈~~~c@###......
.....P.~~~~≈≈~~.k##.......
...###.P~~≈≈≈≈~~~..~~~...~
..†# ..~P≈≈≈≈≈~~.)~)~~.~≈
~†(... ~~≈≈≈≈≈≈~~~~~~~~..≈
~~~~..~≈≈≈≈≈≈≈≈~~~~~~~~~.~
≈~~..~~≈≈≈≈≈≈≈≈~~~~~~~~..~
≈~~~~~≈≈≈≈≈≈≈≈~~~~~~~~~..t
≈≈~~~~≈≈≈≈≈≈≈≈~~~~>..~~...


You could see a satyr (scary) and a wind drake (repels missiles).

Vanquished Creatures
  Rupert (D:15)
  Jorgrun (Orc:1)
  Gastronok (D:11)
  The ghost of Purphixowk the Carver, a journeyman DsGl of Makhleb (D:14)
  2 very ugly things (IceCv)
  A stone giant (D:15)
  The ghost of Elebi the Grappler, a journeyman DrTm of Yredelemnul (Lair:2)
  An ettin (Orc:2)
  A fire dragon (Lair:5)
  An ice dragon (D:15)
  The ghost of Dumps the Cleaver, a journeyman MiBe of Trog (Orc:2)
  3 hydras
  2 caustic shrike simulacra (IceCv)
  2 catoblepae
  4 centaur warriors
  8 vault guards (D:14)
  A rakshasa (D:14)
  A merfolk aquamancer (Shoals:1)
  4 two-headed ogres
  A death knight (D:13)
  A two-headed ogre (shapeshifter) (D:14)
  5 boulder beetles
  3 tengu warriors (D:15)
  Urug (Lair:4)
  2 orc high priests (Orc:2)
  Sonja (Orc:2)
  A sun demon (Volcano)
  Amaemon (D:10)
  8 skeletal warriors
  A fire crab (Lair:5)
  A pharaoh ant (Lair:3)
  2 lindwurms (Lair:4)
  An orange crystal statue (IceCv)
  An obsidian statue (Orc:2)
  A steelbarb worm (Lair:3)
  A deep elf pyromancer (D:12)
  A phantasmal warrior (D:12)
  A wolf spider zombie (D:14)
  A mana viper (shapeshifter) (D:13)
  9 orc knights
  8 orc sorcerers
  A faun (Shoals:1)
  A salamander (shapeshifter) (D:14)
  12 ugly things
  4 manticores
  4 cyclopes
  A merfolk siren (Lair:3)
  4 centaur zombies (D:14)
  2 ice statues (D:15)
  Joseph (Lair:1)
  4 black mambas
  A demonic crawler (Lair:3)
  3 molten gargoyles (Lair:5)
  11 cane toads
  3 rime drakes
  Maggie (Lair:1)
  An orange demon (D:10)
  A gargoyle (D:12)
  4 freezing wraiths
  9 komodo dragons
  2 anaconda simulacra (IceCv)
  2 ice devils (D:15)
  A golden dragon simulacrum (IceCv)
  An efreet (D:14)
  4 red devils (Volcano)
  3 tengu conjurers
  3 polar bears
  A yaktaur (shapeshifter) (D:15)
  5 trolls
  3 meliai (D:15)
  A wind drake (Shoals:1)
  A tarantella (Lair:3)
  A hornet (D:8)
  3 blink frogs (Lair:5)
  5 saltlings (Orc:2)
  2 snapping turtles (Shoals:1)
  8 dream sheep
  3 slime creatures
  A meliai zombie (D:14)
  A vampire (D:14)
  6 wraiths
  7 wyverns
  7 centaur simulacra (D:15)
  A dire elephant simulacrum (IceCv)
  38 yaks
  2 shadows
  3 water elementals
  7 fire bats (Volcano)
  6 basilisks
  3 redbacks (Lair:3)
  11 vampire mosquitoes
  3 steam dragons
  4 wargs
  An acid dragon (D:10)
  3 hell hounds (Lair:5)
  16 water moccasins
  A hydra simulacrum (IceCv)
  A meliai simulacrum (D:15)
  An ice beast (D:5)
  29 orc warriors
  Pargi (Sewer)
  4 black bears
  3 sky beasts
  9 boggarts
  8 ogres
  6 centaurs
  6 wolves
  A phantom (D:5)
  3 kobold brigands
  5 bullfrogs
  3 gnoll sergeants
  7 scorpions
  9 wights
  A lindwurm simulacrum (IceCv)
  2 killer bees (D:9)
  An electric eel (D:12)
  4 howler monkeys
  11 lava snakes
  14 jellies
  4 hounds
  15 orc priests
  5 iguanas
  2 sleepcaps (D:6)
  A gnoll bouda (D:7)
  6 hell rats (Lair:4)
  23 orc wizards
  19 gnolls
  11 adders
  2 shadow imps (D:6)
  A white imp (D:8)
  2 ufetubi
  3 worms
  4 dart slugs
  60 orcs
  6 ball pythons
  A bat (Sewer)
  8 endoplasms
  8 giant cockroaches
  18 goblins
  12 hobgoblins
  2 jackals (D:4)
  7 quokkas
  3 frilled lizards
  18 kobolds
  8 rats
705 creatures vanquished.

Vanquished Creatures (others)
  An orc (D:13)
  18 fungi
  10 pillars of salt (Orc:2)
  73 plants
  2 withered plants (D:14)
104 creatures vanquished.

Grand Total: 809 creatures vanquished

Notes
Turn   | Place    | Note
-------+----------+-------------------------------------------
     0 | D:1      | backslashecho the Tengu Reaver began the quest for the Orb.
     0 | D:1      | Reached XP level 1. HP: 12/12 MP: 4/4
    89 | D:1      | Reached XP level 2. HP: 14/17 MP: 6/6
   312 | D:1      | Reached skill level 1 in Necromancy
   350 | D:1      | Reached XP level 3. HP: 16/21 MP: 7/7
   392 | D:1      | Found a faded altar of an unknown god.
   855 | D:2      | Reached XP level 4. HP: 17/19 MP: 7/9
  1003 | D:2      | Identified the staff of earth "Kocryfet" {Str+2}
  1610 | D:3      | Gained mutation: Your magical nature lets you fly swiftly
                  | and evasively. [Tengu growth]
  1610 | D:3      | Reached XP level 5. HP: 16/23 MP: 10/10
  1793 | D:3      | Found Nimao's Weapon Shop.
  1980 | D:4      | Reached skill level 5 in Conjurations
  2001 | D:4      | Reached skill level 1 in Stealth
  2006 | D:4      | Found a glowing drain.
  2058 | Sewer    | Entered a sewer
  2190 | Sewer    | Noticed Pargi
  2240 | Sewer    | Killed Pargi
  2241 | Sewer    | Reached XP level 6. HP: 14/24 MP: 10/13
  2706 | D:4      | Reached XP level 7. HP: 26/34 MP: 15/15
  2745 | D:4      | Reached skill level 5 in Spellcasting
  2939 | D:5      | Entered Level 5 of the Dungeon
  3074 | D:4      | Reached skill level 1 in Shields
  3074 | D:4      | HP: 2/40 [poisoned by a scorpion]
  3079 | D:4      | HP: 2/40 [poisoned by a scorpion]
  3380 | D:5      | Reached XP level 8. HP: 44/44 MP: 18/18
  4229 | D:6      | Found a staircase to the Ecumenical Temple.
  4235 | Temple   | Entered the Ecumenical Temple
  4321 | Temple   | Became a worshipper of Vehumet
  4359 | D:6      | Learned a level 2 spell: Momentum Strike
  4497 | D:6      | Reached skill level 1 in Translocations
  4497 | D:6      | Reached XP level 9. HP: 41/48 MP: 22/22
  4541 | D:6      | Reached skill level 5 in Shields
  5571 | D:7      | Found a one-way gate to the infinite horrors of the Abyss.
  5571 | D:7      | Identified the +8 short sword "Xurch" {distort, *Corrode
                  | rPois rN+ SInv}
  5947 | D:7      | Reached skill level 1 in Unarmed Combat
  5989 | D:7      | Reached * piety under Vehumet
  5989 | D:7      | Offered knowledge of Magic Dart by Vehumet.
  6001 | D:7      | Learned a level 1 spell: Magic Dart
  6943 | D:8      | Reached XP level 10. HP: 47/56 MP: 18/23
  8188 | D:8      | Found a stormy altar of Qazlal.
  8240 | D:7      | Found a large runed translucent door.
  8240 | D:7      | Found a large runed translucent door.
  8297 | D:7      | Found a corrupted altar of Lugonu.
  8683 | D:8      | Reached skill level 5 in Fighting
  8687 | D:8      | Learned a level 3 spell: Hailstorm
  8730 | D:8      | Paralysed by a hornet for 2 turns
  8990 | D:9      | Offered knowledge of Static Discharge by Vehumet.
  8995 | D:9      | Learned a level 2 spell: Static Discharge
  9500 | D:9      | Reached ** piety under Vehumet
  9519 | D:9      | Reached skill level 10 in Spellcasting
  9604 | D:9      | Reached skill level 1 in Air Magic
  9692 | D:9      | Reached skill level 1 in Ice Magic
 10103 | D:9      | Noticed a catoblepas
 10109 | D:9      | Noticed a two-headed ogre
 10669 | D:9      | Killed a two-headed ogre
 10670 | D:9      | Reached skill level 5 in Dodging
 10670 | D:9      | Reached XP level 11. HP: 59/63 MP: 26/26
 10699 | D:10     | Entered Level 10 of the Dungeon
 10843 | D:9      | Killed a catoblepas
 10844 | D:9      | Reached skill level 5 in Air Magic
 11039 | D:10     | Offered knowledge of Mephitic Cloud by Vehumet.
 11062 | D:10     | Learned a level 3 spell: Mephitic Cloud
 11314 | D:10     | Found an ancient bone altar of Kikubaaqudgha.
 11756 | D:10     | Found a shimmering blue altar of Sif Muna.
 11756 | D:10     | Found a white marble altar of Elyvilon.
 11758 | D:10     | Found a blossoming altar of Fedhas.
 11776 | D:10     | Noticed a +0 hand axe
 11777 | D:10     | Noticed a +0 dagger
 11778 | D:10     | Found a hide-covered altar of Uskayaw.
 11920 | D:10     | Found a staircase to the Lair.
 11966 | D:10     | Reached skill level 1 in Poison Magic
 12093 | D:10     | Reached *** piety under Vehumet
 13030 | D:3      | Bought a +0 demon whip of electrocution for 434 gold pieces
 13218 | D:11     | Noticed a brown ugly thing
 13381 | Lair:1   | Entered Level 1 of the Lair of Beasts
 13385 | Lair:1   | Noticed Amaemon
 13460 | Lair:1   | Found a broken altar of Ashenzari.
 13515 | D:10     | Reached skill level 1 in Maces & Flails
 13896 | D:10     | Killed Amaemon
 14476 | Lair:1   | Noticed Joseph
 14510 | Lair:1   | Killed Joseph
 14511 | Lair:1   | Reached XP level 12. HP: 41/68 MP: 9/27
 14741 | Lair:1   | Noticed Maggie
 14771 | Lair:1   | Killed Maggie
 14772 | Lair:1   | Reached skill level 1 in Staves
 15255 | Lair:2   | Found a dark tunnel.
 15264 | Volcano  | Entered a volcano
 15302 | Volcano  | Offered knowledge of Airstrike by Vehumet.
 15308 | Volcano  | Learned a level 4 spell: Airstrike
 15831 | Volcano  | Reached **** piety under Vehumet
 15832 | Volcano  | Reached skill level 1 in Evocations
 15931 | Volcano  | Noticed a sun demon
 15953 | Volcano  | Offered knowledge of Iskenderun's Mystic Blast by Vehumet.
 16091 | Volcano  | Killed a sun demon
 16188 | Volcano  | Found a radiant altar of Vehumet.
 16211 | Volcano  | Found a radiant altar of Vehumet.
 16482 | Lair:2   | HP: 1/68 [cane toad (20)]
 16487 | Lair:2   | Reached skill level 10 in Air Magic
 16669 | Lair:2   | Found a runed translucent door.
 16739 | Lair:2   | Noticed a five-headed hydra
 16744 | Lair:2   | Killed a five-headed hydra
 17022 | Lair:2   | Noticed Elebi's ghost (journeyman DrTm)
 17053 | Lair:2   | Killed Elebi's ghost
 17478 | Lair:3   | Noticed a boulder beetle
 17496 | Lair:3   | Killed a boulder beetle
 17774 | Lair:3   | Reached skill level 5 in Evocations
 17909 | Lair:3   | Found a staircase to the Shoals.
 17916 | Lair:3   | Reached XP level 13. HP: 72/72 MP: 16/28
 18213 | Lair:3   | Found a hole to the Spider Nest.
 18731 | Lair:3   | Reached skill level 1 in Armour
 19529 | Lair:4   | Noticed Urug
 19547 | Lair:4   | Killed Urug
 19553 | Lair:4   | Identified the +2 scimitar of Laceration {flame, Int+7}
 19980 | Lair:4   | Reached ***** piety under Vehumet
 19981 | Lair:4   | Offered knowledge of Freezing Cloud by Vehumet.
 20061 | Lair:4   | Found a staircase to the Slime Pits.
 20065 | Lair:4   | Found a viscous altar of Jiyva.
 20350 | Lair:5   | Entered Level 5 of the Lair of Beasts
 20552 | Lair:5   | HP: 1/72 [/static electricity (4)]
 21326 | Lair:5   | Learned a level 5 spell: Freezing Cloud
 21390 | Lair:5   | Reached skill level 10 in Conjurations
 22838 | Lair:5   | Noticed a fire dragon
 23234 | Lair:5   | Reached XP level 14. HP: 78/78 MP: 18/29
 23285 | Lair:5   | Found a large runed translucent door.
 23286 | Lair:5   | Found a large runed translucent door.
 24068 | D:11     | Noticed Gastronok
 24222 | D:11     | Killed Gastronok
 25235 | D:12     | Found a staircase to the Orcish Mines.
 25591 | Orc:1    | Entered Level 1 of the Orcish Mines
 25692 | Orc:1    | Noticed Jorgrun
 26416 | D:13     | Learned a level 4 spell: Dispel Undead
 26676 | D:13     | Reached skill level 5 in Necromancy
 27162 | D:13     | Found Huost's Book Shoppe.
 27263 | D:13     | Offered knowledge of Iron Shot by Vehumet.
 27272 | D:13     | Learned a level 6 spell: Iron Shot
 27605 | Orc:1    | Killed Jorgrun
 27607 | Orc:1    | Found Yskacingot's Assorted Antiques.
 27899 | Orc:1    | Bought a potion of heal wounds for 115 gold pieces
 28068 | Orc:2    | Entered Level 2 of the Orcish Mines
 28263 | Orc:2    | Noticed Sonja
 28266 | Orc:2    | Killed Sonja
 28284 | Orc:2    | Reached skill level 10 in Evocations
 28425 | Orc:2    | Found a staircase to the Elven Halls.
 28436 | Orc:2    | Found Otyepseull's Antique Weapon Shop.
 28866 | Orc:2    | Found a runed translucent gate.
 28866 | Orc:2    | Found a runed translucent gate.
 28866 | Orc:2    | Found a runed translucent gate.
 28868 | Orc:2    | Found an opulent altar of Gozag.
 28869 | Orc:2    | Noticed Dumps's ghost (journeyman MiBe)
 29314 | Orc:2    | Reached XP level 15. HP: 33/88 MP: 9/30
 29647 | Orc:2    | Reached skill level 5 in Ice Magic
 29684 | Orc:2    | Reached skill level 1 in Earth Magic
 29755 | Orc:2    | Found Ufuciriong's Weapon Shop.
 29890 | Orc:2    | Found Huin's Antique Weapon Boutique.
 29892 | Orc:2    | Found Jusomyiv's Antique Armour Boutique.
 29917 | Orc:2    | Found Locke's Assorted Antiques.
 29923 | Orc:2    | Bought a large bone amulet for 115 gold pieces
 29923 | Orc:2    | Bought an embroidered scarf for 184 gold pieces
 29942 | Orc:2    | Bought an ancient leather armour for 182 gold pieces
 29942 | Orc:2    | Identified the +2 leather armour of the Louse {rElec rN+
                  | Will+ Dex-5} (You bought it in a shop on level 2 of the
                  | Orcish Mines)
 29987 | Orc:1    | Bought a wand of quicksilver (3) for 289 gold pieces
 30293 | Orc:2    | Offered knowledge of Arcjolt by Vehumet.
 30443 | Orc:2    | Killed Dumps's ghost
 30806 | Orc:2    | Learned a level 5 spell: Arcjolt
 30822 | Orc:1    | HP: 3/89 [warg (7)]
 31921 | D:14     | HP: 4/89 [poisoned by a green ugly thing]
 32617 | D:14     | Found a gate to the Vaults.
 33225 | D:14     | Reached skill level 5 in Earth Magic
 34058 | D:15     | Entered Level 15 of the Dungeon
 34127 | D:15     | Found a runed translucent gate.
 34127 | D:15     | Found a runed translucent gate.
 34137 | D:15     | Found a runed translucent gate.
 34140 | D:15     | Noticed Rupert
 34169 | D:15     | Noticed Purphixowk's ghost (journeyman DsGl)
 34208 | D:15     | Killed Rupert
 34240 | D:15     | Found a frozen archway.
 34248 | D:15     | Reached skill level 10 in Shields
 34267 | IceCv    | Entered an ice cave
 34274 | IceCv    | Reached XP level 16. HP: 11/96 MP: 27/31
 34518 | IceCv    | Found a transporter.
 34542 | IceCv    | Found a transporter.
 34812 | IceCv    | Identified the ring of Fun {Int+6 Dex+7}
 34814 | IceCv    | Identified the ring "Puluduir" {rF+ rC+ MP-9 Str+2 Dex+2}
 35647 | D:15     | Identified Roxanne's Elucidation of the Mantle
 35647 | D:15     | Noticed Roxanne
 35787 | D:15     | Offered knowledge of Conjure Ball Lightning by Vehumet.
 35921 | D:15     | Found a staircase to the Depths.
 36546 | D:14     | Killed Purphixowk's ghost
 36730 | D:15     | Got the ring of Beogh's Benevolence {Fire Int+2 Dex+6}
 37008 | Spider:1 | Entered Level 1 of the Spider Nest
 37500 | Shoals:1 | Entered Level 1 of the Shoals
 37737 | Shoals:1 | Shot with an arrow by a satyr

Illustrated notes

Levels and vault maps discovered:
D:1:      enne_arrival_octagon_isle, layout_rooms,
          ebering_ecumenical_altar_petrified, wad_floor_pattern_untrapped
D:2:      cheibrodos_greedy_goblins, layout_basic
D:3:      layout_rooms, serial_shops, shop
D:4:      layout_loops_cross, portal_sewer_entry_c, nicolae_grassy_gnolls
D:5:      layout_loops_cross, nrook_campfire
D:6:      layout_loops_ring, minmay_temple_entry_arrows, minmay_bent
D:7:      due_chaos_kobolds, layout_cave_pods, st_stairs_1
D:8:      layout_gridville, marbit_many_paths, minivault_21
D:9:      minmay_clustersquares, layout_grid_maze
D:10:     layout_basic, gammafunk_temple_overflow_claw, dancing_weapons_uskayaw,
          mainiacjoe_overflow_tiny_flanked, david_lair_shrubbed
D:11:     layout_basic, serial_bayou_lagoon_a, uniq_gastronok
D:12:     layout_basic, orc_0_dummy
D:13:     layout_gridville, serial_shops, shop, lemuel_nasty_fountain
D:14:     minmay_recursive_quarters, layout_loops_corners, erik_vaults_2,
          serial_undead, serial_undead_c, serial_undead_c, serial_undead_f,
          serial_undead_a, hangedman_decor_opposing
D:15:     grunt_enter_depths_snipers, layout_rooms, abandoned_shop,
          gammafunk_ghost_icy, portal_ice_cave_entry_ice_statue_two,
          minivault_23, uniq_roxanne, uniq_rupert
Temple:   lightli_temple_of_artemis
Lair:1:   layout_gridlike, basic_altar, uniq_joseph, uniq_amaemon, uniq_maggie
Lair:2:   layout_long_grid, ebering_ghost_inner_flame,
          nicolae_volcano_entry_lava_flow
Lair:3:   layout_cave_pods, minmay_shoals_entry_lonely_mermaid,
          spider_nest_entry_rubble, lemuel_fruit_tree, grunt_megastairs_1
Lair:4:   layout_cave_pods, minmay_slime_entry_jelly_boxes,
          nicolae_lair_lindhole, uniq_urug
Lair:5:   cheibrodos_lair_end_hotspot, layout_long_grid, kilobyte_rumbling_trees
Shoals:1: layout_shoals, nicolae_shop_firing_range
Spider:1: layout_spider_delve, gammafunk_ghost_mausoleum
Orc:1:    layout_caves, serial_shops, shop, uniq_jorgrun
Orc:2:    hellmonk_orc_salted, layout_caves, serial_shops, shop,
          ebering_ghost_gozag, uniq_sonja

Skill      XL: |  1  2  3  4  5  6  7  8  9 10 11 12 13 14 15 16 |
---------------+-------------------------------------------------+-----
Necromancy     | 1 2 6 |  6.1
Spellcasting   | 3 4 6 8 10 | 10.5
Dodging        | 3 5 8 9 |  9.0
Conjurations   | 5 6 8 11 12 | 12.3
Stealth        | 1 2 4 |  4.0
Shields        | 2 4 5 8 9 10 11 | 11.5
Translocations | 1 4 |  4.0
Unarmed Combat | 1 |  1.0
Fighting       | 4 5 7 9 |  9.0
Short Blades   | 4 |  4.0
Air Magic      | 4 7 10 | 10.0
Ice Magic      | 3 4 5 |  5.0
Poison Magic   | 2 |  2.0
Maces & Flails | 4 |  4.0
Staves         | 3 |  3.6
Evocations     | 5 8 10 12 | 12.0
Armour         | 4 |  4.0
Earth Magic    | 5 6 |  6.0

Action                     |  1- 3 |  4- 6 |  7- 9 | 10-12 | 13-15 | 16-18 || total
---------------------------+-------+-------+-------+-------+-------+-------++-------
  Melee: Short sword       |    20 |   199 |   552 |    23 |       |       ||   794
         Kick              |    14 |    49 |   184 |   115 |   197 |     8 ||   567
         Peck              |     5 |    26 |   131 |    83 |   108 |     6 ||   359
         Punch             |     1 |       |       |       |       |       ||     1
         Trident           |    55 |    40 |       |       |       |       ||    95
         Dagger            |       |       |       |   132 |    17 |       ||   149
         Demon whip        |       |       |       |   124 |   416 |    10 ||   550
         Staff             |       |       |       |       |     1 |     4 ||     5
  Throw: Dart              |       |       |       |     2 |       |       ||     2
         Throwing net      |       |       |       |     1 |       |       ||     1
   Cast: Kiss of Death     |     4 |     5 |     5 |     3 |       |       ||    17
         Momentum Strike   |       |       |    11 |    15 |     7 |       ||    33
         Magic Dart        |       |       |    68 |   507 |   349 |    11 ||   935
         Static Discharge  |       |       |       |    29 |    39 |     1 ||    69
         Hailstorm         |       |       |       |    13 |    17 |       ||    30
         Mephitic Cloud    |       |       |       |    22 |    69 |     7 ||    98
         Airstrike         |       |       |       |    43 |    89 |     7 ||   139
         Freezing Cloud    |       |       |       |       |   115 |     3 ||   118
         Dispel Undead     |       |       |       |       |    36 |    20 ||    56
         Iron Shot         |       |       |       |       |    25 |    47 ||    72
         Arcjolt           |       |       |       |       |     4 |    15 ||    19
  Evoke: Wand              |       |       |    29 |     8 |    14 |     7 ||    58
         Tin of tremorston |       |       |       |       |     3 |       ||     3
    Use: Scroll            |     1 |     7 |     9 |     5 |     8 |     8 ||    38
         Potion            |       |     4 |     1 |     3 |    10 |     7 ||    25
   Stab: Sleeping          |       |     7 |     2 |     2 |     3 |       ||    14
         Confused          |       |       |       |     8 |    25 |     1 ||    34
 Armour: Leather armour    |    15 |    16 |       |       |     6 |    15 ||    52
         Skin              |       |    56 |       |       |       |       ||    56
         Troll leather arm |       |     7 |    61 |    70 |    36 |       ||   174
         Robe              |       |       |       |       |    16 |       ||    16
  Dodge: Dodged            |    28 |    79 |   213 |   246 |   340 |    36 ||   942
  Block: Buckler           |       |    15 |    69 |    54 |       |       ||   138
         Kite shield       |       |       |       |    81 |   309 |    56 ||   446
         Reflection        |       |       |       |       |       |     7 ||     7
